 Dungeon Crawl Stone Soup version 0.29.1-2-gbd0b4ee654 (webtiles) character file.

Game seed: 8106871758302423930

118 xian the Firebug (level 4, -6/31 HPs)
             Began as a Demonspawn Fire Elementalist on Nov 22, 2022.
             Mangled by an ogre
             ... wielding a +0 giant spiked club
              (14 damage)
             ... on level 4 of the Dungeon.
             The game lasted 00:04:24 (2978 turns).

xian the Firebug (Demonspawn Fire Elementalist)     Turns: 2978, Time: 00:04:24

Health: -6/31      AC: 12    Str: 11    XL:     4   Next: 72%
Magic:  8/8        EV:  2    Int: 18    God:
Gold:   124        SH:  0    Dex: 14    Spells: 7/8 levels left

rFire   . . .      SeeInvis +   k - +2 sling (vorpal)
rCold   + . .      Faith    .   (no shield)
rNeg    + . .      Spirit   .   w - +1 plate armour "Uxteankau" {+Inv rC+ Str+3 SInv}
rPois   .          Reflect  .   (no helmet)
rElec   .          Harm     .   d - +0 cloak
rCorr   .          Rampage  .   (no gloves)
Will    .....                   (no boots)
Stlth   ..........              (no amulet)
HPRegen 0.10/turn               o - ring of positive energy
MPRegen 0.11/turn               (no ring)

@: no status effects
A: powered by death 1, spiny 1
a: Evoke Invisibility


You were on level 4 of the Dungeon.
You visited 1 branch of the dungeon, and saw 4 of its levels.

You collected 124 gold pieces.

Inventory:

Hand Weapons
 h - a +0 dagger
 k - a +2 vorpal sling (weapon)
Armour
 d - a +0 cloak (worn)
 w - the +1 plate armour "Uxteankau" (worn) {+Inv rC+ Str+3 SInv}
   (You took it off an orc on level 4 of the Dungeon)

   Str:       It affects your strength (+3).
   rC:        It protects you from cold.
   SInv:      It lets you see invisible.
   +Inv:      It lets you turn invisible.
Jewellery
 o - a ring of positive energy (left hand)
Scrolls
 g - a scroll of acquirement {unknown}
 i - a scroll of noise {unknown}
 j - 3 scrolls of fear {unknown}
 n - a scroll of poison {unknown}
 p - 3 scrolls of identify {unknown}
 q - 2 scrolls of amnesia {unknown}
 r - 3 scrolls of teleportation {unknown}
 s - a scroll of silence {unknown}
 u - a scroll of immolation {unknown}
 v - 2 scrolls of magic mapping {unknown}
Potions
 b - a potion of magic
 c - a potion of flight {unknown}
 e - 3 potions of cancellation {unknown}
 f - 2 potions of resistance {unknown}
 l - 4 potions of brilliance {unknown}
 m - a potion of curing {unknown}
 t - a potion of degeneration {unknown}


   Skills:
 + Level 0.5 Fighting
 + Level 2.1 Ranged Weapons
 + Level 2.0 Dodging
 + Level 2.2 Stealth
 + Level 0.1 Unarmed Combat
 + Level 2.9 Spellcasting
 + Level 1.3 Conjurations
 + Level 3.1 Fire Magic


You had 7 spell levels left.
You knew the following spells:

 Your Spells              Type           Power      Damage    Failure   Level
a - Foxfire               Conj/Fire      40%        2x1d6     100%        1

Your spell library contained the following spells:

 Spells                   Type           Power      Damage    Failure   Level
 Poisonous Vapours        Pois/Air       4%         N/A       100%        2
 Scorch                   Fire           26%        2d6       100%        2
 Conjure Flame            Conj/Fire      10%        6-21      100%        3
 Dazzling Flash           Conj/Hex       8%         N/A       100%        3
 Inner Flame              Hex/Fire       8%         N/A       100%        3
 Corpse Rot               Necr/Pois/Air  2%         N/A       100%        4
 Flame Wave               Conj/Fire      10%        2d6       100%        4
 Iskenderun's Mystic Bla  Conj/Tloc      4%         2d3       100%        4
 Starburst                Conj/Fire      5%         6d4       100%        6


Dungeon Overview and Level Annotations

Branches:
Dungeon (4/15)
 Temple: D:4-7

Altars:
Kikubaaqudgha
Okawaru
Qazlal


Innate Abilities, Weirdness & Mutations

You regenerate a little health from kills.
You are partially covered in sharp spines.


Message History

The slug dart hits you but does no damage.
No target in view!
No target in view!
No target in view!
No target in view!
Found a stone staircase leading down.
You shoot a sling bullet.
The sling bullet barely misses the dart slug.
You shoot a sling bullet. The sling bullet hits the dart slug!
You kill the dart slug!
No target in view!
You see here a dart slug corpse.
q - 2 scrolls labelled XAPSEKOARCH (gained 1)
r - 3 scrolls labelled GOCOKO BIMOPH (gained 1)
There is a stone staircase leading down here.
Found a mace.
No target in view!
No target in view!
No target in view!
An ogre comes into view. It is wielding a +0 giant spiked club.
The ogre shouts!
You shoot a sling bullet.
The sling bullet closely misses the ogre.
You shoot a sling bullet. The sling bullet hits the ogre.
The ogre is lightly wounded.
You shoot a sling bullet. The sling bullet hits the ogre.
The ogre is moderately wounded.
The ogre is struck by your spines.
The ogre hits you with a +0 giant spiked club!!
Ouch! That really hurt!
* * * LOW HITPOINT WARNING * * *
You are too injured to fight recklessly!
You are too injured to fight recklessly!
You are too injured to fight recklessly!
You are too injured to fight recklessly!
You are too injured to fight recklessly!
The ogre attacks as you move away! The ogre barely misses you.
The ogre attacks as you move away!
The ogre hits you with a +0 giant spiked club!
You die...

........#.# .#
#######.#.# .# #.#.## .#
#######....###### .#
..........†.....# .#
.....##...#.#...# ?#####.
###...#.........##.......
####..#.#)....#.#......).
...##...........@O#######
##.####.#....^#.#.#
##.....>........#.#
#####.....#.#.....# #
##............# #
#...#####...## # #####
##### #


You could see an ogre.

Vanquished Creatures
  2 adders
  2 worms (D:3)
  4 dart slugs
  2 orcs (D:4)
  10 ball pythons
  8 endoplasms
  3 giant cockroaches
  7 goblins
  4 hobgoblins
  11 jackals
  2 quokkas (D:1)
  4 bats
  2 frilled lizards
  8 kobolds
  5 rats
74 creatures vanquished.

Vanquished Creatures (others)
  33 foxfires (D:1)
33 creatures vanquished.

Grand Total: 107 creatures vanquished

Notes
Turn   | Place    | Note
-------+----------+-------------------------------------------
     0 | D:1      | xian the Demonspawn Fire Elementalist began the quest for
                  | the Orb.
     0 | D:1      | Reached XP level 1. HP: 13/13 MP: 3/3
   225 | D:1      | Gained mutation: You are partially covered in sharp spines.
                  | [demonic ancestry]
   225 | D:1      | Reached XP level 2. HP: 19/19 MP: 0/5
   324 | D:1      | Found a faded altar of an unknown god.
   324 | D:1      | Noticed a rust devil
   441 | D:1      | Reached skill level 3 in Fire Magic
   966 | D:1      | Gained mutation: You regenerate a little health from kills.
                  | [demonic ancestry]
   966 | D:1      | Reached XP level 3. HP: 24/24 MP: 2/6
  1695 | D:2      | Found an iron altar of Okawaru.
  2056 | D:3      | Reached XP level 4. HP: 31/31 MP: 8/8
  2094 | D:3      | Reached skill level 1 in Ranged Weapons
  2305 | D:3      | Found a stormy altar of Qazlal.
  2309 | D:3      | Noticed a water elemental
  2310 | D:3      | Noticed a fire elemental
  2310 | D:3      | Noticed an earth elemental
  2310 | D:3      | Noticed an air elemental
  2434 | D:3      | Found an ancient bone altar of Kikubaaqudgha.
  2675 | D:4      | Identified the +1 plate armour "Uxteankau" {+Inv rC+ Str+3
                  | SInv}
  2973 | D:4      | Noticed an ogre
  2978 | D:4      | Mangled by an ogre

Illustrated notes

Levels and vault maps discovered:
D:1:      dpeg_arrival_yet_another_circle, layout_basic,
          dreamdust_ecumenical_altar_sealed_demon
D:2:      layout_loops_ring, basic_altar
D:3:      layout_basic, nicolae_qazlal_style_of_elements,
          nicolae_kikubaaqudgha_miasma_corner
D:4:      layout_loops_ring, st_stairs_2

Skill      XL: |  1  2  3  4 |
---------------+-------------+-----
Fire Magic     | 3 |  3.1
Stealth        | 2 |  2.2
Dodging        | 2 |  2.0
Ranged Weapons | 2 |  2.1
Fighting       | |  0.5
Unarmed Combat | |  0.1
Spellcasting   | |  2.9
Conjurations   | |  1.3

Action                   |  1- 3 |  4- 6 || total
-------------------------+-------+-------++-------
Melee: Unarmed           |     5 |       ||     5
       Dagger            |    22 |       ||    22
 Fire: Sling             |    40 |    57 ||    97
 Cast: Foxfire           |    33 |       ||    33
Armor: Robe              |    13 |     1 ||    14
       Plate armour      |       |    11 ||    11
Dodge: Dodged            |    25 |     5 ||    30
